 Dungeon Crawl Stone Soup version 0.32-a0-747-gc8563f6773 (webtiles) character file.

Game seed: 1579672683923936123

99 smashvw the Chopper (level 4, -1/34 HPs)
             Began as a Gnoll Wanderer on Mar 17, 2024.
             Slain by Duvessa
             ... wielding a +0 short sword
              (9 damage)
             ... on level 4 of the Dungeon.
             The game lasted 00:05:50 (2262 turns).

smashvw the Chopper (Gnoll Wanderer)                Turns: 2262, Time: 00:05:50

Health: -1/34      AC:  4    Str:  8    XL:     4   Next: 72%
Magic:  11/11      EV: 11    Int: 15    God:
Gold:   212        SH:  0    Dex: 13    Spells: 13/13 levels left

rFire   . . .        p - +4 dagger (protect)
rCold   . . .        (no shield)
rNeg    . . .        c - +0 robe
rPois   .            (no helmet)
rElec   .            k - +0 cloak
rCorr   .            (no gloves)
SInv    .            g - +0 pair of boots
Will    .....        (no amulet)
Stlth   +++          (no ring)
HPRegen 0.25/turn    (no ring)
MPRegen 0.12/turn

%: no passive effects
@: no status effects
A: fangs 1, strong nose, distributed training
a: no special abilities


You were on level 4 of the Dungeon.
You visited 1 branch of the dungeon, and saw 4 of its levels.

You collected 212 gold pieces.

Inventory:

Hand Weapons
 a - a +3 hand axe
 p - a +4 dagger of protection (weapon)
Missiles
 h - 12 stones (quivered)
 m - 11 poisoned darts
Armour
 c - a +0 robe (worn)
 g - a +0 pair of boots (worn)
 k - a +0 cloak (worn)
Jewellery
 d - a ring of ice
Talismans
 o - a beast talisman
Scrolls
 f - a scroll of blinking
 i - a scroll of teleportation {unknown}
 j - a scroll of amnesia {unknown}
 l - a scroll of revelation {unknown}
 r - a scroll of poison {unknown}
Potions
 e - 2 potions of curing
 n - a potion of enlightenment


   Skills:
 + Level 2.8 Fighting
 + Level 1.2 Short Blades
 + Level 1.2 Long Blades
 + Level 6.6 Axes
 + Level 1.2 Maces & Flails
 + Level 1.2 Polearms
 + Level 1.2 Staves
 + Level 1.2 Ranged Weapons
 + Level 1.2 Throwing
 + Level 1.2 Armour
 + Level 1.2 Dodging
 + Level 6.1 Stealth
 + Level 1.2 Shields
 + Level 1.2 Unarmed Combat
 + Level 5.1 Spellcasting
 + Level 2.3 Conjurations
 + Level 1.0 Hexes
 + Level 1.0 Summonings
 + Level 1.0 Necromancy
 + Level 1.0 Translocations
 + Level 1.0 Fire Magic
 + Level 1.0 Ice Magic
 + Level 1.0 Air Magic
 + Level 1.0 Earth Magic
 + Level 1.0 Alchemy
 + Level 1.4 Invocations
 + Level 1.2 Evocations
 + Level 1.1 Shapeshifting


You had 13 spell levels left.
You didn't know any spells.
Your spell library contained the following spells:

 Spells                   Type           Power      Damage    Failure   Level
 Shock                    Conj/Air       32%        1d5       9%          1
 Searing Ray              Conj           20%        2d5       10%         2
 Freeze                   Ice            28%        1d5       11%         1
 Momentum Strike          Conj/Tloc      16%        3d8       12%         2
 Hailstorm                Conj/Ice       8%         3d5       24%         3
 Frozen Ramparts          Ice            14%        1d3       30%         3
 Swiftness                Air            7%         N/A       30%         3
 Airstrike                Air            3%         2d(1-17)  71%         4


Dungeon Overview and Level Annotations

Branches:
Dungeon (4/15)
 Temple: D:4-7

Altars:
Zin

Annotations:
D:4 Dowan, Duvessa, Ijyb


Innate Abilities, Weirdness & Mutations

You have very sharp teeth.
Your uncanny sense of smell can sniff out nearby items.
Your experience applies equally to all skills.


Message History

Ijyb looks frightened!
The endoplasm looks frightened!
Dowan casts a spell.
Dowan blinks!
Duvessa mumbles, "Damn and blast!"
Dowan gestures wildly while chanting.
Dowan blinks!
Duvessa begs, "Please!
I have a lot of children!"
The endoplasm jiggles.
Ijyb gives up.
Dowan seems to regain his courage.
Duvessa weeps quietly.
Cornered, Duvessa turns to fight!
Cornered, the endoplasm turns to fight!
Dowan hits you with a +0 dagger.
* * * LOW HITPOINT WARNING * * *
There is a stone staircase leading up here.
Dowan hits you with a +0 dagger.
* * * LOW HITPOINT WARNING * * *
You climb upwards.
There is a stone staircase leading down here.
You start resting.
You start to feel less resistant.
You start resting.
Your resistance to elements expires.
You start resting.
HP restored.
Options error: Bad show_more value: falsed (should be true or false) (smashvw.rc:5) Welcome back, smashvw the Gnoll Wanderer.
Press ? for a list of commands and other information.
You climb downwards.
Level annotation: Dowan, Duvessa, Ijyb Duvessa hits you with a +0 short sword!
The endoplasm hits you but does no damage.
Duvessa hits you with a +0 short sword! The endoplasm hits you.
Ijyb hits you with a +6 club!
* * * LOW HITPOINT WARNING * * *
There is a stone staircase leading up, spattered with blood here.
Okay, then.
Okay, then.
Duvessa hits you with a +0 short sword!
You die...

##...#.#######
##.#.#.......######
##'#.##...........#
......#...........#
.>...##...........#
......#...........#
∆
....#.#...........#
#####.##.......Je.#
#.##..e.....@.#
#.##........g.#
#.##..........#
#..........$..#
#####.######### #.#
..# ####


You could see Duvessa, Ijyb, Dowan and an endoplasm.

Vanquished Creatures
  An orc wizard (D:3)
  An adder (D:3)
  5 orcs (D:3)
  9 endoplasms
  A giant cockroach (D:2)
  4 goblins
  7 hobgoblins
  4 jackals (D:3)
  A quokka (D:1)
  4 ball pythons
  4 bats
  2 frilled lizards
  5 kobolds (D:3)
  6 rats
54 creatures vanquished.

Notes
Turn   | Place    | Note
-------+----------+-------------------------------------------
     0 | D:1      | smashvw the Gnoll Wanderer began the quest for the Orb.
     0 | D:1      | smashvw set off with the following items: a +3 hand axe, a
                  | scroll of fear, a +0 robe; and the following spells
                  | available to memorise: Searing Ray, Momentum Strike.
     0 | D:1      | Reached XP level 1. HP: 17/17 MP: 6/6
   144 | D:1      | Reached XP level 2. HP: 23/23 MP: 7/7
   258 | D:1      | Found a faded altar of an unknown god.
   590 | D:2      | Reached skill level 5 in Spellcasting
   590 | D:2      | Reached XP level 3. HP: 28/28 MP: 7/9
   904 | D:3      | Reached skill level 1 in Invocations
  1023 | D:3      | Reached skill level 1 in Short Blades
  1023 | D:3      | Reached skill level 1 in Long Blades
  1023 | D:3      | Reached skill level 1 in Maces & Flails
  1023 | D:3      | Reached skill level 1 in Polearms
  1023 | D:3      | Reached skill level 1 in Staves
  1023 | D:3      | Reached skill level 1 in Ranged Weapons
  1023 | D:3      | Reached skill level 1 in Throwing
  1023 | D:3      | Reached skill level 1 in Armour
  1023 | D:3      | Reached skill level 1 in Dodging
  1023 | D:3      | Reached skill level 1 in Shields
  1023 | D:3      | Reached skill level 1 in Unarmed Combat
  1023 | D:3      | Reached skill level 1 in Evocations
  1023 | D:3      | Reached skill level 1 in Shapeshifting
  1023 | D:3      | Reached XP level 4. HP: 32/34 MP: 11/11
  1175 | D:3      | Reached skill level 1 in Hexes
  1175 | D:3      | Reached skill level 1 in Summonings
  1175 | D:3      | Reached skill level 1 in Necromancy
  1175 | D:3      | Reached skill level 1 in Translocations
  1175 | D:3      | Reached skill level 1 in Fire Magic
  1175 | D:3      | Reached skill level 1 in Ice Magic
  1175 | D:3      | Reached skill level 1 in Air Magic
  1175 | D:3      | Reached skill level 1 in Earth Magic
  1175 | D:3      | Reached skill level 1 in Alchemy
  1818 | D:3      | Found a glowing silver altar of Zin.
  1818 | D:3      | Noticed an angel
  1828 | D:4      | Noticed Ijyb
  1829 | D:4      | Noticed Dowan
  1830 | D:4      | Noticed Duvessa
  2262 | D:4      | Slain by Duvessa

Illustrated notes

Levels and vault maps discovered:
D:1:      wander_arrival_peaceful_grave, layout_rooms,
          hellmonk_ecumenical_altar_inner_sanctum, minmay_misc_feat_nine_boxes
D:2:      layout_rooms, minmay_pentomino_x4
D:3:      layout_loops_cross, zin_angel, hangedman_abyss_or_decor_stabs,
          kennysheep_generic_room_16
D:4:      layout_basic, nicolae_qazlal_general_emergency, uniq_duvessa,
          uniq_pikel, uniq_ijyb

Skill      XL: |  1  2  3  4 |
---------------+-------------+-----
Conjurations   | 2 |  2.3
Spellcasting   | 5 |  5.1
Stealth        | 6 |  6.1
Invocations    | 1 |  1.4
Short Blades   | 1 |  1.2
Long Blades    | 1 |  1.2
Maces & Flails | 1 |  1.2
Polearms       | 1 |  1.2
Staves         | 1 |  1.2
Ranged Weapons | 1 |  1.2
Throwing       | 1 |  1.2
Armour         | 1 |  1.2
Dodging        | 1 |  1.2
Shields        | 1 |  1.2
Unarmed Combat | 1 |  1.2
Evocations     | 1 |  1.2
Shapeshifting  | 1 |  1.1
Hexes          | 1 |  1.0
Summonings     | 1 |  1.0
Necromancy     | 1 |  1.0
Translocations | 1 |  1.0
Fire Magic     | 1 |  1.0
Ice Magic      | 1 |  1.0
Air Magic      | 1 |  1.0
Earth Magic    | 1 |  1.0
Alchemy        | 1 |  1.0
Fighting       | |  2.8
Axes           | |  6.6

Action                     |  1- 3 |  4- 6 || total
---------------------------+-------+-------++-------
  Melee: Hand axe          |    63 |    48 ||   111
         Bite              |     6 |     5 ||    11
         Dagger            |       |    13 ||    13
    Use: Scroll            |       |     4 ||     4
         Potion            |       |     1 ||     1
   Stab: Sleeping          |     2 |     3 ||     5
 Armour: Robe              |    37 |    55 ||    92
  Dodge: Dodged            |    29 |    34 ||    63

Table legend: (Time is in decaauts)
 A = Elapsed time spent in this place.
 B = Non-inter-level travel time spent in this place.
 C = Inter-level travel time spent in this place.
 D = Time resting spent in this place.
 E = Time spent auto-exploring this place.
 F = Levels seen in this place.
 G = Mean time per level.
                   A        B        C        D        E       F      G
               +--------+--------+--------+--------+--------+-----+--------+
         Total |   2260 |   1981 |    279 |    107 |   1479 |   4 |  565.0 |
       Dungeon |   2260 |   1981 |    279 |    107 |   1479 |   4 |  565.0 |
               +--------+--------+--------+--------+--------+-----+--------+

Top non-repeatable levels by time:
     D:3: 1236 daAuts
     D:2: 444 daAuts
     D:1: 391 daAuts
     D:4: 187 daAuts
